AoeStats
← NuMa | Gacha

Arabia

510637098Analyzed
3v3 RM · 1d ago on Oct 1, 2026· 33m 49s· 6 players
Game mode
Random Map
Map size
Normal (6 player)
Population
200
Speed
Normal
Resources
Standard
Victory
Conquest
Starting age
Dark Age
Ending age
Imperial Age
RankedLock teamsTeams togetherTeam positionsShared explorationLock speedFull tech treeHidden civsTurbo modeCheats
Victory
Defeat
🇨🇴 Britons · Colombia
1217
+12
🇨🇴 Varangians · Colombia
1113
+16
🇨🇴 Italians · Colombia
1099
+16
🇵🇪 Sicilians · Peru
1121
-15
🇧🇷 Chinese · Brazil
1114
-15
🇪🇸 Franks · Spain
1104
-14
Chexco9004
9:44 Feudal Age
9:38 Loom
13:09 Scale Barding Armor
22:39 Castle Age
29:43 Scale Mail Armor
30:35 Pikeman
Leetz
0:27 Loom
11:50 Feudal Age
15:54 Wheelbarrow
18:30 Castle Age
21:37 Double-Bit Axe
24:01 Hand Cart
24:21 Crossbowman
24:57 Fletching
25:07 Padded Archer Armor
25:57 Gold Mining
29:02 Town Watch
29:26 Thumb Ring
29:23 Bodkin Arrow
29:45 Leather Archer Armor
ReverbMate
8:02 Loom
10:14 Feudal Age
11:35 Double-Bit Axe
17:04 Horse Collar
19:35 Fletching
23:03 Padded Archer Armor
28:11 Castle Age
26:37 Forging
27:42 Gold Mining
28:24 Bloodlines
28:31 Pikeman
28:36 Elite Skirmisher
30:18 Leather Archer Armor
32:00 Wheelbarrow
32:41 Bodkin Arrow
NuMa | Jomaro
6:33 Loom
8:56 Feudal Age
13:14 Fletching
18:54 Gold Mining
19:43 Wheelbarrow
21:21 Padded Archer Armor
21:06 Horse Collar
26:10 Castle Age
24:25 Double-Bit Axe
26:23 Crossbowman
27:01 Bodkin Arrow
27:22 Leather Archer Armor
29:10 Ballistics
31:37 Stone Mining
32:26 Gold Shaft Mining
NuMa | Reize
6:35 Loom
9:12 Feudal Age
10:53 Bloodlines
20:53 Double-Bit Axe
20:53 Horse Collar
26:31 Castle Age
24:50 Gold Mining
25:40 Scale Barding Armor
27:38 Chain Barding Armor
27:29 Forging
28:13 Husbandry
28:51 Bow Saw
30:37 Heavy Plow
NuMa | Gacha
5:19 Loom
10:30 Feudal Age
11:01 Double-Bit Axe
21:29 Scale Barding Armor
21:37 Gold Mining
24:37 Castle Age
23:53 Forging
23:39 Gold Mining
25:35 Bloodlines
26:47 Iron Casting
28:00 Stone Mining
29:31 Stone Shaft Mining
33:02 Chain Barding Armor
Connection lost

Rejoining the realm…

Still unreachable

The connection could not be restored.

Session expired

The server has moved on; the page needs a fresh start.